 Dungeon Crawl Stone Soup version 0.26-a0-812-g31a745ddcd (webtiles) character file.

Game seed: 4535270206124839973

836 schauveau the Cleaver (level 7, -3/64 HPs)
             Began as a Minotaur Monk on Nov 23, 2020.
             Slain by a deep elf mage
             ... wielding a +0 short sword
              (4 damage)
             ... on level 6 of the Dungeon.
             The game lasted 00:04:40 (2479 turns).

schauveau the Cleaver (Minotaur Monk)               Turns: 2479, Time: 00:04:41

Health: -3/64      AC:  0    Str: 18    XL:     7   Next: 66%
Magic:  6/6        EV: 12    Int:  7    God:
Gold:   182        SH:  0    Dex: 12    Spells: 6/6 levels left

rFire    . . .     SeeInvis .   i - +0 war axe
rCold    . . .     Faith    .   (no shield)
rNeg     . . .     Spirit   .   r - +0 acid dragon scales
rPois    .         Reflect  .   (helmet restricted)
rElec    .         Harm     .   (no cloak)
rCorr    +         Rampage  .   (no gloves)
MR       .....                  q - +0 pair of boots
Stlth    +.........             d - amulet of regeneration
HPRegen  0.60/turn              (no ring)
MPRegen  0.10/turn              (no ring)

@: lethally poisoned (-3 -> -6), corroded
A: retaliatory headbutt, horns 2
a: no special abilities


You were on level 6 of the Dungeon.
You visited 1 branch of the dungeon, and saw 6 of its levels.

You collected 182 gold pieces.

Inventory:

Hand Weapons
 a - a +0 hand axe
 f - a +3 morningstar of flaming
 i - a +0 war axe (weapon)
Armour
 m - a +0 plate armour
 q - a +0 pair of boots (worn)
 r - +0 acid dragon scales (worn)
Jewellery
 d - an amulet of regeneration (around neck)
 n - an uncursed amulet of faith {unknown}
 p - an uncursed amulet of reflection {unknown}
Wands
 o - a wand of digging (7)
Scrolls
 b - a scroll of fog {unknown}
 c - a scroll of amnesia
 g - a scroll of remove curse
Potions
 e - a potion of heal wounds
 h - a potion of brilliance {unknown}
 j - a potion of flight {unknown}
 k - a potion of curing
 l - a potion of invisibility


   Skills:
 + Level 6.3 Fighting
 * Level 8.2 Axes
 + Level 4.9 Armour
 - Level 3.2 Dodging
 - Level 1.5 Stealth


You had 6 spell levels left.
You didn't know any spells.
Your spell library was empty.

Dungeon Overview and Level Annotations

Branches:
Dungeon (6/15)
 Temple: D:4-7

Altars:

Annotations:
D:2 Sigmund


Innate Abilities, Weirdness & Mutations

You reflexively headbutt those who attack you in melee.
You have a pair of horns on your head.


Message History

The neqoxec gestures at you.
Something tries to feed on your intellect!
The rust devil disappears in a puff of smoke!
The neqoxec closely misses you.
The deep elf mage gestures wildly while chanting.
The orange demon screeches!
The neqoxec hits you!
The deep elf mage mumbles some strange words.
The orange demon barely misses you.
The deep elf mage hits you with a +0 short sword.
The jumping spider pounces on you. The jumping spider misses you.
The orange demon stings you from afar!
You are poisoned.
The orange demon poisons you!
You feel sick. The jumping spider pounces on you!
* * * LOW HITPOINT WARNING * * *
The jumping spider bites you!
* * * LOW HITPOINT WARNING * * *
The deep elf mage hits you with a +0 short sword.
You die...

#...)......#..#'''#..#
##.####....#..#...#..#
##.#####...#..#...#..#
...........#..#...#..#
#...######.#..#...#..#
. ........#..#...#..#
.######.#..8.r.8..#.#
#......e.3..).#
######..####@s###..#
........####.4###.##
#.###.............#
#.....##<######
#.(#..<#.#
.........#.#
)..##.##....# ##. #.
#.#### . .. .##


You could see an orange demon (summoned), a deep elf mage, a neqoxec (summoned),
a jumping spider (summoned) and a hell rat (summoned).

Vanquished Creatures
  Maggie (D:6)
  A sky beast (D:6)
  2 centaurs
  A bullfrog zombie (D:5)
  A hound (D:5)
  A centaur zombie (D:5)
  2 orc priests (D:5)
  An orc wizard (D:4)
  A howler monkey zombie (D:6)
  A worker ant zombie (D:5)
  A howler monkey skeleton (D:5)
  5 adders
  An ufetubus (D:6)
  An ooze (D:5)
  2 worms (D:2)
  2 dart slugs
  A leopard gecko (D:3)
  8 orcs
  2 ball pythons
  2 goblins (D:2)
  6 hobgoblins
  A quokka (D:2)
  4 bats
  A jackal skeleton (D:5)
  5 kobolds
  A leopard gecko zombie (D:5)
  4 rats
59 creatures vanquished.

Vanquished Creatures (others)
  2 plants (D:6)
2 creatures vanquished.

Grand Total: 61 creatures vanquished

Notes
Turn   | Place    | Note
-------+----------+-------------------------------------------
     0 | D:1      | schauveau the Minotaur Monk began the quest for the Orb.
     0 | D:1      | Reached XP level 1. HP: 19/19 MP: 0/0
    99 | D:2      | Reached skill level 4 in Axes
   102 | D:2      | Reached XP level 2. HP: 23/27 MP: 1/1
   115 | D:2      | Reached skill level 1 in Armour
   412 | D:2      | Reached XP level 3. HP: 21/33 MP: 2/2
   504 | D:2      | Noticed Sigmund
   923 | D:5      | Entered Level 5 of the Dungeon
  1053 | D:4      | Reached skill level 5 in Axes
  1053 | D:4      | Reached XP level 4. HP: 26/41 MP: 3/3
  1695 | D:6      | Noticed a sky beast
  1723 | D:5      | Noticed a centaur
  1733 | D:5      | Killed a centaur
  1733 | D:5      | Reached XP level 5. HP: 35/47 MP: 4/4
  1894 | D:5      | Reached skill level 5 in Fighting
  1894 | D:5      | Reached skill level 6 in Axes
  1923 | D:5      | Reached XP level 6. HP: 36/56 MP: 5/5
  2292 | D:6      | Noticed Maggie
  2304 | D:6      | Killed Maggie
  2304 | D:6      | Reached skill level 7 in Axes
  2304 | D:6      | Reached XP level 7. HP: 46/62 MP: 6/6
  2372 | D:6      | Reached skill level 8 in Axes
  2456 | D:6      | Noticed a deep elf mage
  2460 | D:6      | Noticed a rust devil
  2473 | D:6      | Noticed a neqoxec
  2477 | D:6      | Noticed an orange demon
  2478 | D:6      | Noticed a jumping spider
  2479 | D:6      | HP: 1/64 [jumping spider[a deep elf mage] (8)]
  2479 | D:6      | Slain by a deep elf mage

Illustrated notes

Levels and vault maps discovered:
D:1:      shiori_shiawase, layout_loops_corners
D:2:      layout_basic, st_stairs_9, uniq_jessica, uniq_sigmund
D:3:      layout_loops_ring, nicolae_ashenzari_panopticon
D:4:      layout_cave_pods
D:5:      layout_rooms
D:6:      layout_loops_ring, minmay_temple_entry_overgrown,
          guppyfry_early_elven_hall, uniq_maggie, uniq_pikel

Skill      XL: |  1  2  3  4  5  6  7 |
---------------+----------------------+-----
Axes           | 4 5 6 7 8 |  8.2
Armour         | 1 2 3 4 |  4.9
Fighting       | 4 5 6 |  6.3
Dodging        | |  3.2
Stealth        | |  1.5

Action                   |  1- 3 |  4- 6 |  7- 9 || total
-------------------------+-------+-------+-------++-------
Melee: Hand axe          |    60 |       |       ||    60
       Headbutt          |    11 |    18 |     4 ||    33
       War axe           |     3 |    68 |    38 ||   109
  Use: Scroll            |       |     6 |       ||     6
Armor: Robe              |    10 |       |       ||    10
       Scale mail        |    10 |     6 |       ||    16
       Plate armour      |       |    29 |    20 ||    49
       Acid dragon scale |       |       |     5 ||     5
Dodge: Dodged            |    51 |    25 |    31 ||   107

Table legend: (Time is in decaauts)
 A = Elapsed time spent in this place.
 B = Non-inter-level travel time spent in this place.
 C = Inter-level travel time spent in this place.
 D = Time resting spent in this place.
 E = Time spent auto-exploring this place.
 F = Levels seen in this place.
 G = Mean time per level.
                   A        B        C        D        E       F      G
               +--------+--------+--------+--------+--------+-----+--------+
         Total |   2504 |   2335 |    169 |     43 |   1581 |   6 |  417.3 |
       Dungeon |   2504 |   2335 |    169 |     43 |   1581 |   6 |  417.3 |
               +--------+--------+--------+--------+--------+-----+--------+

Top non-repeatable levels by time:
     D:4: 782 daAuts
     D:2: 704 daAuts
     D:5: 630 daAuts
     D:6: 204 daAuts
     D:1: 100 daAuts
     D:3: 81 daAuts
